 Dungeon Crawl Stone Soup version 0.29-a0-284-gf9362112df (webtiles) character file.

Game seed: 11391209524536013707

4778 sammy202020 the Fighter (level 10, -3/82 HPs)
             Began as a Demonspawn Berserker on Mar 18, 2022.
             Was an Elder of Trog.
             Slain by an orc
             ... wielding a +0 halberd
              (10 damage)
             ... in a bailey.
             The game lasted 00:11:28 (7482 turns).

sammy202020 the Fighter (Demonspawn Berserker)      Turns: 7482, Time: 00:11:29

Health: -3/82      AC: 15    Str: 23    XL:     10   Next: 23%
Magic:  10/10      EV: 14    Int: 11    God:    Trog [****..]
Gold:   528        SH:  4    Dex: 16    Spells: 9/9 levels left

rFire   . . .      SeeInvis +   n - +5 mace of Amortisation {freeze, *Noise rC+ Str+4 Dex+3}
rCold   + . .      Faith    .   (no shield)
rNeg    . . .      Spirit   .   s - +2 troll leather armour
rPois   .          Reflect  .   x - +0 helmet
rElec   .          Harm     .   k - +2 cloak
rCorr   .          Rampage  .   (no gloves)
Will    ++...                   m - +0 pair of boots
Stlth   +.........              (no amulet)
HPRegen 2.03/turn               y - ring of see invisible
MPRegen 0.12/turn               (no ring)

@: strong-willed, regenerating
A: slimy green scales 1, foul stench 2, condensation shield, demonic touch 1
a: Renounce Religion, Berserk, Trog's Hand, Brothers in Arms


You were in a bailey.
You worshipped Trog.
Trog was greatly pleased with you.
You visited 1 branch of the dungeon, and saw 8 of its levels.
You also visited: Bailey.

You collected 528 gold pieces.

Inventory:

Hand Weapons
 n - the +5 mace of Amortisation (weapon) {freeze, *Noise rC+ Str+4 Dex+3}
   (You found it on level 6 of the Dungeon)

   It freezes those it strikes, dealing additional cold damage.
   It can also slow down cold-blooded creatures.
   Str:       It affects your strength (+4).
   Dex:       It affects your dexterity (+3).
   rC:        It protects you from cold.
   *Noise:    It may make noises in combat.
 o - a +2 dire flail of draining
Missiles
 a - a throwing net
 r - 3 boomerangs of dispersal (quivered)
 B - 5 curare-tipped darts
Armour
 e - a +0 robe of cold resistance
 k - a +2 cloak (worn)
 m - a +0 pair of boots (worn)
 s - a +2 troll leather armour (worn)
 x - a +0 helmet (worn)
Jewellery
 y - a ring of see invisible (left hand)
Wands
 l - a wand of polymorph (8)
 v - a wand of flame (26)
 w - a wand of iceblast (5)
Scrolls
 h - 6 scrolls of teleportation
 j - 3 scrolls of identify
 z - a scroll of summoning {unknown}
Potions
 b - 2 potions of mutation {unknown}
 c - 4 potions of curing
 d - a potion of cancellation
 f - 5 potions of flight
 g - a potion of magic
 i - 2 potions of brilliance
 p - 2 potions of heal wounds
 q - 2 potions of resistance
 t - 3 potions of attraction
 u - a potion of invisibility {unknown}
 A - a potion of might {unknown}


   Skills:
 * Level 8.7 Fighting
 * Level 7.9 Maces & Flails
 * Level 7.6 Armour
 + Level 5.4 Dodging


You had 9 spell levels left.
You didn't know any spells.
Your spell library was empty.

Dungeon Overview and Level Annotations

Branches:
Dungeon (8/15)             Temple (0/1) D:5          Bailey (1/1)
   Lair: D:8-11

Altars:
Ashenzari
Cheibriados
Fedhas
Kikubaaqudgha
Okawaru
Qazlal
Trog

Shops:
D:2 !   D:4 (

Annotations:
D:8 exclusion: oklob sapling


Innate Abilities, Weirdness & Mutations

You are partially covered in slimy green scales. (AC +2)
You sometimes emit foul miasma when damaged in melee.
A meltable shield of frost defends you. (SH +4)
Your touch may inflict minor irresistible damage on your foes.


Message History

The orc barely misses you. The orc misses you.
You block the orc warrior's attack. x2
The orc warrior barely misses you. The orc barely misses you. x2
The orc warrior barely misses you. The orc hits you with a +0 halberd.
You emit a cloud of foul miasma!
The orc completely misses you.
There is an open door here.
You see here a +0 hand axe.
You hit the orc warrior. You freeze the orc warrior. You punch the orc warrior.
The orc warrior is heavily wounded.
The orc warrior hits you with a +0 glaive.
The orc misses you. The orc barely misses you. The orc closely misses you.
The orc warrior hits you with a +0 glaive!!
The orc is engulfed in dark miasma.
The orc is poisoned.
You kill the orc!
Trog accepts your kill. The orc hits you but does no damage.
The orc warrior attacks as you move away!
The orc warrior hits you with a +0 glaive.
The orc warrior hits you but does no damage.
The orc warrior hits you from afar with a +0 glaive!
The orc completely misses you. The orc misses you. You block the orc's attack.
The orc barely misses you. The orc warrior closely misses you.
The orc warrior hits you with a +0 glaive!
* * * LOW HITPOINT WARNING * * *
There is an open door, spattered with blood here.
You see here a +0 hand axe.
You closely miss the orc warrior.
The orc warrior is heavily wounded.
The orc hits you but does no damage.
The orc hits you from afar with a +0 halberd!
* * * LOW HITPOINT WARNING * * *
The orc barely misses you. The orc misses you.
The orc warrior hits you with a +0 glaive!
* * * LOW HITPOINT WARNING * * *
You emit a cloud of foul miasma!
The orc warrior barely misses you.
Your skin crawls.
You feel strong-willed. You block the orc's attack. x2
The orc hits you from afar with a +0 halberd!
You die...

## ... ##
#. ... .#
#.......#
#..#.#..#
#..#8#..#
#.o.oo..#
#.☼ooo#
##@##
#...#
#...#
#...#
#...#
###'###
##.....##
#.......#
#....)))#


You could see 2 orc warriors and 4 orcs.

Vanquished Creatures
  Pikel (D:4)
  Sigmund (D:5)
  2 yaks (D:7)
  2 vampire mosquitoes (D:7)
  A steam dragon (D:6)
  Edmund (D:6)
  2 water moccasins
  Duvessa (D:4)
  6 sky beasts
  An orc warrior (Bailey)
  4 ice beasts
  2 black bears
  3 ogres
  A centaur (D:8)
  2 phantoms (D:5)
  2 bullfrogs
  A necrophage (D:7)
  2 scorpions
  4 wights (D:6)
  Dowan (D:4)
  A howler monkey (D:6)
  3 jellies
  An orc priest (D:8)
  A gnoll shaman (D:7)
  7 hounds
  5 iguanas
  2 orc wizards
  5 gnolls
  13 adders
  A shadow imp (D:5)
  2 white imps (D:5)
  An ufetubus (D:6)
  3 worms
  2 dart slugs
  25 orcs
  4 endoplasms
  4 giant cockroaches
  3 hobgoblins
  4 jackals (D:4)
  7 kobolds
  2 quokkas
  15 ball pythons
  2 bats (D:1)
  5 frilled lizards
  10 goblins
  A rat (D:1)
169 creatures vanquished.

Vanquished Creatures (others)
  A human (D:7)
  6 plants (D:8)
7 creatures vanquished.

Grand Total: 176 creatures vanquished

Notes
Turn   | Place    | Note
-------+----------+-------------------------------------------
     0 | D:1      | sammy202020 the Demonspawn Berserker began the quest for
                  | the Orb.
     0 | D:1      | Reached XP level 1. HP: 18/18 MP: 1/1
   516 | D:1      | Gained mutation: You may rarely emit foul miasma when
                  | damaged in melee. [demonic ancestry]
   516 | D:1      | Reached XP level 2. HP: 20/24 MP: 2/2
  1388 | D:2      | Noticed a floating eye
  1390 | D:2      | Found a faded altar of an unknown god.
  1401 | D:2      | Gained mutation: Your touch may inflict minor irresistible
                  | damage on your foes. [demonic ancestry]
  1401 | D:2      | Reached XP level 3. HP: 8/29 MP: 3/3
  1403 | D:2      | Noticed a shining eye
  1403 | D:2      | Noticed an eye of devastation
  1403 | D:2      | Noticed a great orb of eyes
  1908 | D:2      | Found Toxef's Distillery.
  2501 | D:3      | Gained mutation: You are partially covered in slimy green
                  | scales. (AC +2) [demonic ancestry]
  2501 | D:3      | Reached XP level 4. HP: 22/37 MP: 4/4
  3111 | D:3      | Found a bloodstained altar of Trog.
  3153 | D:3      | Found a faded altar of an unknown god.
  3157 | D:3      | Found an iron altar of Okawaru.
  3249 | D:4      | Found a blossoming altar of Fedhas.
  3343 | D:4      | Reached skill level 4 in Fighting
  3343 | D:4      | Reached XP level 5. HP: 42/42 MP: 5/5
  3359 | D:4      | Noticed a lemure
  3362 | D:4      | Noticed Pikel
  3362 | D:4      | Noticed a lemure
  3362 | D:4      | Noticed a lemure
  3362 | D:4      | Noticed a lemure
  3375 | D:4      | Killed Pikel
  3376 | D:4      | Reached skill level 5 in Fighting
  3376 | D:4      | Reached XP level 6. HP: 24/51 MP: 6/6
  3376 | D:4      | Gained mutation: A meltable shield of frost defends you.
                  | (SH +4) [demonic ancestry]
  3376 | D:4      | Reached XP level 7. HP: 26/56 MP: 7/7
  3432 | D:4      | Noticed Dowan
  3433 | D:4      | Noticed Duvessa
  3445 | D:4      | Killed Duvessa
  3449 | D:4      | Killed Dowan
  3549 | D:4      | Reached skill level 5 in Maces & Flails
  3586 | D:4      | Reached ** piety under Trog
  3699 | D:4      | Found Reuruux's Weapon Emporium.
  3952 | D:4      | Reached XP level 8. HP: 51/64 MP: 8/8
  4090 | D:5      | Entered Level 5 of the Dungeon
  4107 | D:5      | Found a staircase to the Ecumenical Temple.
  4312 | D:5      | Reached skill level 5 in Armour
  4324 | D:5      | Reached skill level 6 in Fighting
  4507 | D:5      | Noticed Sigmund
  4540 | D:5      | Killed Sigmund
  5116 | D:6      | Reached skill level 7 in Fighting
  5116 | D:6      | Reached XP level 9. HP: 72/72 MP: 9/9
  5165 | D:6      | Identified the +5 mace of Amortisation {freeze, *Noise rC+
                  | Str+4 Dex+3}
  5290 | D:6      | Noticed Edmund
  5298 | D:6      | Killed Edmund
  5502 | D:6      | Reached *** piety under Trog
  5605 | D:6      | Reached skill level 5 in Dodging
  5868 | D:7      | Found an ancient bone altar of Kikubaaqudgha.
  5917 | D:7      | Reached skill level 8 in Fighting
  6204 | D:7      | Gained mutation: You sometimes emit foul miasma when
                  | damaged in melee. [demonic ancestry]
  6204 | D:7      | Reached XP level 10. HP: 81/81 MP: 10/10
  6205 | D:7      | Found a broken altar of Ashenzari.
  6815 | D:8      | Found a snail-covered altar of Cheibriados.
  7107 | D:8      | Found a stormy altar of Qazlal.
  7211 | D:8      | Reached **** piety under Trog
  7360 | D:8      | Found a flagged portal.
  7374 | Bailey   | Entered a bailey
  7482 | Bailey   | Slain by an orc

Illustrated notes

Levels and vault maps discovered:
D:1:      elethiomel_arrival_infinity_welcomes_careful_drivers, layout_basic,
          chequers_serial_rivers_marsh
D:2:      layout_basic, hellmonk_ecumenical_altar_watching_god, serial_shops,
          shop
D:3:      layout_rooms, bloody_trog, nicolae_overflow_ecumenical_swirl,
          serial_corexii_hall, corexii_hall_statues_u, corexii_hall_statues_i,
          minmay_misc_feat_rugged
D:4:      layout_basic, mainiacjoe_overflow_alcove_1, serial_shops,
          nicolae_shop_hallway_plus, uniq_duvessa, uniq_pikel
D:5:      layout_basic, minmay_temple_entry_purple_smoke, kennysheep_path_1,
          uniq_sigmund
D:6:      layout_loops_cross, grunt_ministairs_10, kennysheep_potato,
          uniq_edmund
D:7:      nicolae_cairo_tiling, layout_rooms, marbit_many_paths,
          tgw_kikubaaqudgha, serial_co_window_serial, co_window_paths_a,
          co_window_paths_b, co_window_corner_a, co_window_corner_a,
          co_window_paths_b, co_window_corner_a, co_window_corner_a,
          co_window_2corner, co_window_2corner, co_window_2corner,
          glass_columns_a, glass_columns_a, glass_columns_b,
          dreamdust_gnoll_shepherd
D:8:      layout_cave_pods, mainiacjoe_overflow_boulevard, kennysheep_mini_moat,
          enter_bailey_3, introduction_to_nature_2
Bailey:   bailey_polearm_5, bailey

Skill      XL: |  1  2  3  4  5  6  7  8  9 |
---------------+----------------------------+-----
Armour         | 2 4 6 7 |  7.6
Dodging        | 2 3 4 5 |  5.4
Maces & Flails | 3 4 5 6 7 |  7.9
Fighting       | 4 5 7 8 |  8.7

Action                   |  1- 3 |  4- 6 |  7- 9 | 10-12 || total
-------------------------+-------+-------+-------+-------++-------
Melee: Mace              |    98 |    64 |   129 |   107 ||   398
       Touch             |     5 |     9 |    80 |    19 ||   113
       Punch             |     1 |     2 |    10 |     1 ||    14
       Whip              |       |       |   259 |       ||   259
Throw: Throwing net      |       |       |     1 |       ||     1
Invok: Berserk           |     2 |     1 |     1 |       ||     4
       Trog's Hand       |       |       |     1 |     1 ||     2
  Use: Scroll            |       |    10 |     5 |       ||    15
 Stab: Held in net/web   |       |       |     1 |       ||     1
       Sleeping          |       |       |     1 |     1 ||     2
Armor: Animal skin       |     7 |       |       |       ||     7
       Robe              |     7 |       |       |       ||     7
       Ring mail         |    17 |    13 |       |       ||    30
       Troll leather arm |       |     9 |   111 |    57 ||   177
Dodge: Dodged            |    72 |    42 |   188 |   140 ||   442
Block: Other             |       |       |    55 |    38 ||    93

Table legend: (Time is in decaauts)
 A = Elapsed time spent in this place.
 B = Non-inter-level travel time spent in this place.
 C = Inter-level travel time spent in this place.
 D = Time resting spent in this place.
 E = Time spent auto-exploring this place.
 F = Levels seen in this place.
 G = Mean time per level.
                   A        B        C        D        E       F      G
               +--------+--------+--------+--------+--------+-----+--------+
         Total |   7521 |   7395 |    126 |     91 |   5668 |   9 |  835.7 |
       Dungeon |   7413 |   7287 |    126 |     91 |   5629 |   8 |  926.6 |
        Bailey |    107 |    107 |      0 |      0 |     39 |   1 |  107.0 |
               +--------+--------+--------+--------+--------+-----+--------+

Top non-repeatable levels by time:
     D:2: 1308 daAuts
     D:1: 1135 daAuts
     D:7: 1002 daAuts
     D:5: 975 daAuts
     D:4: 913 daAuts
     D:3: 797 daAuts
     D:6: 671 daAuts
     D:8: 609 daAuts
  Bailey: 107 daAuts
